Map: Ultralove

Players

ManlyManMeat - Winner!

  • Race: Zerg Zerg
  • League: Master
  • Spawn Location: 7:00

NoodleFish

  • Race: Protoss Protoss
  • League: Master
  • Spawn Location: 1:00

VOD

Have the link to the VOD?

Description

Time

  • Played on: June 15, 2025, 6:58 a.m.
  • Length: 17:41
Show
View Real Time Build Order
Export as new Build Order

ManlyManMeat Zerg - Winner!

Build Orders: Hatch First 

Get SALT Encoding   

  12  0:07  Overlord  
  12  0:14  Drone  
  12  0:20  Drone  
  14  0:30  Drone x2  
  16  0:40  Drone  
  17  0:51  Hatchery  
  17  0:54  Drone  
  17  1:02  Drone  
  18  1:13  Spawning Pool  
  18  1:16  Drone  
  18  1:21  Extractor  
  18  1:25  Drone  
  18  1:34  Drone  
  19  1:45  Overlord  
  19  1:55  Drone  
  19  2:00  Queen  
  22  2:04  Queen  
  22  2:06  Overlord  
  24  2:09  Drone  
  25  2:26  Drone x3  
  25  2:27  Metabolic Boost  
  28  2:45  Drone  
  28  2:46  Drone x2  
  31  2:57  Hatchery  
  30  3:05  Queen  
  32  3:06  Drone  
  32  3:08  Drone  
  32  3:12  Drone  
  35  3:14  Drone  
  36  3:20  Drone x2  
  36  3:25  Overlord  
  38  3:28  Drone  
  39  3:40  Drone x2, Queen  
  39  3:41  Drone  
  45  3:48  Zergling x6  
  47  3:57  Zergling x6  
  47  3:59  Drone x2  
  52  4:20  Drone  
  52  4:21  Drone x5  
  58  4:28  Overlord  
  58  4:30  Lair  
  55  4:47  Zergling x6  
  55  4:48  Zergling x6  
  55  4:52  Overlord x3, Extractor  
  60  4:53  Drone x2  
  60  4:54  Drone x2  
  60  4:59  Queen  
  66  5:09  Queen  
  68  5:17  Evolution Chamber  
  68  5:19  Evolution Chamber  
  68  5:20  Drone x4  
  69  5:36  Drone x5  
  69  5:39  Hatchery  
  73  5:43  Infestation Pit  
  73  5:49  Extractor x2  
  70  5:50  Extractor  
  69  6:05  Overlord x2  
  69  6:06  Zergling x12  
  69  6:07  Zergling x18  
  84  6:31  Infestor x2  
  88  6:33  Zergling x10  
  91  6:47  Spore Crawler  
  90  7:01  Infestor x3  
  90  7:03  Zergling x22  
  107  7:09  Extractor  
  107  7:12  Neural Parasite  
  107  7:14  Zerg Melee Weapons Level 1  
  106  7:18  Overlord x2  
  106  7:19  Drone x6  
  112  7:36  Overlord x4  
  112  7:39  Drone x4  
  116  7:46  Overseer  
  116  7:48  Zergling x16  
  124  7:52  Hive  
  124  8:07  Zerg Ground Armor Level 1  
  123  8:19  Zergling x2  
  120  8:20  Zergling x28  
  106  8:48  Zergling x18  
  100  8:54  Infestor x3  
  94  8:55  Zergling x2  
  94  8:56  Drone x3  
  95  9:07  Viper  
  95  9:08  Viper  
  101  9:23  Overseer x2  
  89  9:43  Zergling x4  
  89  9:44  Zergling x10  
  74  9:54  Drone  
  74  9:55  Drone x4  
  74  9:58  Zergling x18  
  74  9:59  Zergling x4  
  88  10:07  Hydralisk Den  
  86  10:14  Zergling x10  
  72  10:38  Hydralisk x13  
  90  10:48  Hydralisk x3  
  86  11:29  Drone x2  
  86  11:32  Hatchery  
  87  11:42  Adrenal Glands  
  87  11:51  Hatchery  
  86  11:55  Drone x7, Hatchery  
  92  12:03  Zergling x6  
  95  12:20  Zergling x2  
  95  12:21  Zergling x8  
  100  12:35  Hydralisk x4  
  108  12:53  Zergling x16  
  113  12:59  Drone  
  113  13:00  Drone x3  
  117  13:20  Drone x4  
  117  13:21  Drone x2  
  112  13:47  Drone x4  
  111  13:48  Overlord  
  111  13:50  Queen x3  
  111  13:54  Zergling x2  
  111  13:55  Zergling x18  
  125  14:04  Drone x3, Queen  
  130  14:22  Zergling x20  
  130  14:23  Overlord x3  
  140  14:40  Queen  
  140  14:41  Zerg Melee Weapons Level 2  
  140  14:43  Nydus Network  
  140  14:44  Zerg Ground Armor Level 2  
  141  14:46  Grooved Spines  
  141  14:50  Hydralisk  
  141  14:51  Hydralisk x8  
  141  14:52  Hydralisk x3  
  161  15:40  Hydralisk x7  
  161  15:42  Overlord x6  
  163  15:52  Infestor  
  163  15:55  Overlord x5  
  156  16:28  Zergling x4  
  156  16:29  Zergling x36  
  156  16:30  Zergling x8  
  180  16:50  Zergling x18  
Show
View Real Time Build Order
Export as new Build Order

NoodleFish Protoss 

Build Orders: 1 Gate Expand 

Get SALT Encoding   

  12  0:01  Probe  
  13  0:13  Probe  
  14  0:23  Pylon  
  14  0:25  Probe  
  15  0:41  Probe  
  16  0:45  Gateway  
  16  0:49  Probe  
  17  0:57  Probe  
  18  1:09  Probe  
  19  1:21  Nexus  
  19  1:22  Probe  
  20  1:34  Assimilator  
  20  1:37  Pylon  
  20  1:39  Probe  
  21  1:52  Probe  
  21  1:53  Cybernetics Core  
  22  2:04  Probe  
  23  2:09  Assimilator  
  23  2:16  Probe  
  23  2:22  Warp Gate  
  24  2:28  Probe  
  25  2:36  Probe  
  26  2:40  Adept, Probe  
  28  2:48  Gateway  
  28  2:51  Gateway  
  28  2:55  Probe x2  
  30  3:10  Sentry, Probe x2  
  34  3:21  Stargate  
  34  3:25  Pylon, Probe  
  34  3:26  Probe  
  36  3:35  Adept  
  36  3:40  Probe x2  
  40  3:43  Assimilator  
  40  3:45  Pylon  
  40  3:52  Shield Battery  
  40  3:53  Probe x2  
  42  4:14  Oracle  
  42  4:16  Probe x2  
  45  4:18  Zealot, Stalker  
  45  4:20  Adept  
  51  4:28  Probe x2  
  53  4:32  Pylon  
  53  4:34  Gateway  
  51  4:45  Stalker, Sentry  
  51  4:47  Zealot  
  51  4:49  Probe x2  
  57  4:59  Assimilator  
  57  5:01  Probe x2  
  59  5:17  Gateway  
  59  5:19  Forge, Gateway  
  59  5:23  Twilight Council  
  59  5:35  Stalker x2  
  59  5:36  Zealot  
  59  5:37  Protoss Ground Weapons Level 1  
  59  5:38  Sentry  
  67  5:48  Probe  
  69  5:50  Charge  
  68  6:18  Pylon  
  68  6:23  Pylon  
  68  6:27  Pylon  
  68  6:28  Stalker  
  74  6:42  Void Ray  
  74  7:03  Zealot x3  
  74  7:04  Stalker  
  74  7:06  Sentry x2  
  86  7:13  Templar Archives  
  86  7:26  Zealot x2  
  86  7:29  Protoss Ground Armor Level 1  
  94  7:30  Blink, Void Ray  
  94  7:34  Pylon  
  94  7:37  Pylon  
  94  7:38  Nexus  
  94  7:43  Pylon  
  94  7:46  Pylon  
  94  7:52  Probe x2  
  73  8:40  Zealot x2  
  65  8:41  Zealot x2  
  65  8:42  Zealot  
  65  8:43  Zealot  
  77  8:50  Void Ray  
  77  9:04  Probe x2  
  79  9:17  Nexus  
  79  9:24  Void Ray  
  55  9:52  Stalker x5  
  65  9:53  Zealot  
  71  10:07  Void Ray  
  67  10:38  Stalker x2  
  67  10:39  Zealot x3, Stalker  
  71  11:06  Stalker x2  
  71  11:07  Zealot x3  
  71  11:08  Sentry  
  71  11:10  Probe x2  
  71  11:22  Probe  
  71  11:23  Probe  
  73  11:28  Probe  
  74  11:33  Zealot x5  
  74  11:34  Zealot, Probe  
  74  11:39  Probe  
  88  11:40  Probe  
  88  11:47  Probe  
  90  11:56  Probe  
  90  11:57  Probe  
  92  12:01  Probe  
  92  12:04  Nexus, Probe  
  92  12:05  Probe  
  94  12:09  Probe  
  94  12:12  Probe  
  94  12:13  Pylon  
  96  12:18  Probe  
  98  12:28  Probe x2  
  100  12:33  Sentry  
  102  12:42  Probe x2  
  102  13:04  Photon Cannon  
  102  13:06  Assimilator  
  102  13:09  Probe  
  102  13:10  Assimilator, Probe x2  
  105  13:14  Pylon  
  105  13:15  Probe  
  105  13:17  Shield Battery, Probe  
  105  13:18  Probe  
  106  13:20  Probe  
  106  13:23  Probe  
  106  13:25  Probe  
  109  13:33  Pylon  
  111  13:36  Pylon  
  81  14:02  Probe  
  82  14:03  Probe x2  
  84  14:12  Photon Cannon  
  84  14:16  Probe x4  
  88  14:19  Stalker x3  
  88  14:20  Zealot x3  
  100  14:27  Pylon  
  100  14:34  Probe x4  
  104  14:44  Psionic Storm  
  104  14:53  Probe x4  
  108  15:00  Zealot x2  
  108  15:01  Zealot  
  114  15:08  Gateway  
  99  15:56  Robotics Facility  
  99  15:58  Pylon  
  99  16:09  Probe x4  
  103  16:16  Zealot x4  
  103  16:18  High Templar x3  
  113  16:21  Probe x4  
  113  16:36  Pylon  
  113  16:42  Pylon  
  113  16:44  Assimilator  
  113  16:46  Pylon  
  113  16:47  Probe  
  113  16:48  Probe x3  
  113  16:50  Assimilator  
  113  16:52  Observer  
  118  17:00  Probe x4  
  120  17:09  Observer  
  70  17:23  Zealot  
  70  17:24  Zealot x6  
Tags
 
Add a new tag
Caveats
  • Supply blocks, unpowered buildings, or Contaminate may cause inaccurate times.
  • Supply counts are checked every 10 seconds.